 Seeded DCSS version 0.29.1-15-g9cfb28693d (webtiles) character file.

Game seed: 18053537605390411477 (custom seed)

27 Gelion the Vexing (level 2, -2/16 HPs)
             Began as a Deep Elf Arcane Marksman on Apr 12, 2023.
             Shot with a bolt by an orc (18 damage)
             ... on level 3 of the Dungeon.
             The game lasted 00:02:22 (2260 turns).

Gelion the Vexing (Deep Elf Arcane Marksman)        Turns: 2260, Time: 00:02:22

Health: -2/16      AC:  3    Str:  7    XL:     2   Next: 93%
Magic:  7/7        EV: 13    Int: 17    God:
Gold:   156        SH:  0    Dex: 15    Spells: 4/5 levels left

rFire   . . .      SeeInvis .   a - +1 sling
rCold   . . .      Faith    .   (no shield)
rNeg    . . .      Spirit   .   c - +0 robe
rPois   .          Reflect  .   (no helmet)
rElec   .          Harm     .   (no cloak)
rCorr   .          Rampage  .   o - +0 pair of gloves
Will    .....                   (no boots)
Stlth   +.........              (no amulet)
HPRegen 0.05/turn               (no ring)
MPRegen 0.10/turn               (no ring)

@: no status effects
A: no striking features
a: no special abilities


You were on level 3 of the Dungeon.
You visited 1 branch of the dungeon, and saw 3 of its levels.

You collected 156 gold pieces.

Inventory:

Hand Weapons
 a - a +1 sling (weapon)
Armour
 c - a +0 robe (worn)
 o - a +0 pair of gloves (worn)
Jewellery
 e - a ring of protection from cold
Scrolls
 b - a scroll of poison
 g - a scroll of butterflies {unknown}
 j - a scroll of teleportation {unknown}
 m - a scroll of identify {unknown}
 n - a scroll of enchant armour {unknown}
 p - a scroll of amnesia {unknown}
Potions
 d - 2 potions of mutation {unknown}
 f - a potion of invisibility {unknown}
 h - 3 potions of berserk rage {unknown}
 i - a potion of flight {unknown}
 k - a potion of heal wounds {unknown}
 l - a potion of curing {unknown}
 q - a potion of haste {unknown}


   Skills:
 + Level 1.1 Fighting
 * Level 3.5 Ranged Weapons
 + Level 2.8 Dodging
 + Level 2.0 Spellcasting
 + Level 4.3 Hexes


You had 4 spell levels left.
You knew the following spells:

 Your Spells              Type           Power      Damage    Failure   Level
a - Slow                  Hex            64%        N/A       3%          1

Your spell library contained the following spells:

 Spells                   Type           Power      Damage    Failure   Level
 Inner Flame              Hex/Fire       9%         N/A       24%         3
 Portal Projectile        Hex/Tloc       18%        N/A       24%         3
 Cause Fear               Hex            8%         N/A       32%         4


Dungeon Overview and Level Annotations

Branches:
Dungeon (3/15)

Altars:

Shops:
D:1 =!=


Message History

You kill the ball python!
No target in view!
No target in view!
Magic restored.
There is an open door here.
You now have 156 gold pieces (gained 10).
You open the door.
There is an open door here.
q - a pink potion
Found 6 stones.
Found a ring mail.
A kobold comes into view. It is wielding a +0 whip.
You shoot a sling bullet.
The sling bullet hits the kobold but does no damage.
The kobold shouts!
You shoot a sling bullet.
The sling bullet closely misses the kobold.
You shoot a sling bullet.
The sling bullet barely misses the kobold.
You shoot a sling bullet.
The sling bullet closely misses the kobold.
You shoot a sling bullet. The sling bullet hits the kobold.
The kobold is heavily wounded.
The kobold misses you.
You shoot a sling bullet.
The sling bullet barely misses the kobold.
The kobold closely misses you.
You shoot a sling bullet.
The sling bullet hits the kobold but does no damage.
The kobold is heavily wounded.
The kobold barely misses you.
You shoot a sling bullet.
The sling bullet barely misses the kobold.
An orc comes into view.
It is wielding the +9 heavy crossbow "Sniper" {vorpal, Acc+∞ SInv}.
The kobold hits you but does no damage.
You shoot a sling bullet.
The sling bullet barely misses the kobold.
The orc shoots a bolt.
The bolt hits you!!
Ouch! That really hurt!
You die...

####o### .....$#####
#.........# #.(.......#
.......... ........#
#[#####.#.....# #......@K.#
#######.### #.# #.# #.# #.#
#.# ######## ########### #.#
#......#
#.........###.#########.####.#


You could see an orc and a kobold.

Vanquished Creatures
  A worm (D:2)
  A dart slug (D:2)
  4 endoplasms (D:2)
  2 giant cockroaches
  2 goblins
  A hobgoblin (D:2)
  6 ball pythons
  2 frilled lizards
  3 kobolds (D:1)
  A rat (D:2)
23 creatures vanquished.

Notes
Turn   | Place    | Note
-------+----------+-------------------------------------------
     0 | D:1      | Gelion the Deep Elf Arcane Marksman began the quest for the
                  | Orb.
     0 | D:1      | Reached XP level 1. HP: 11/11 MP: 5/5
   156 | D:1      | Found Mugenye's Jewellery Boutique.
   298 | D:1      | Found Bangin's Jewellery Shop.
   706 | D:1      | Reached skill level 1 in Fighting
   707 | D:1      | Found Yheup's Distillery.
   729 | D:1      | Reached XP level 2. HP: 16/16 MP: 6/6
  2260 | D:3      | Shot with a bolt by an orc

Illustrated notes

Levels and vault maps discovered:
D:1:      ncdulo_watergridlock, layout_basic, serial_forest,
          infiniplex_forest_end_3, infiniplex_forest_lined_room_,
          infiniplex_forest_clump_medium, infiniplex_forest_zigzag_2,
          infiniplex_forest_straight_3, infiniplex_forest_clump_tiny,
          serial_shops, nicolae_shop_statue_plus, shop_fountains, shop
D:2:      layout_basic, minmay_pentomino_pile
D:3:      layout_loops_corners

Skill      XL: |  1  2 |
---------------+-------+-----
Ranged Weapons | 3 |  3.5
Fighting       | 1 |  1.1
Spellcasting   | 2 |  2.0
Dodging        | |  2.8
Hexes          | |  4.3

Action                   || total
-------------------------++-------
 Fire: Sling             ||    88
 Cast: Slow              ||    17
Armor: Robe              ||     6
Dodge: Dodged            ||    24
